 Dungeon Crawl Stone Soup version 0.30-a0-622-gddc90eaa04 (webtiles) character file.

Game seed: 353459596723942580

961 bmack86 the Trooper (level 7, 0/66 HPs)
             Began as a Minotaur Fighter on Jan 10, 2023.
             Was a Believer of Okawaru.
             Slain by a gnoll
             ... wielding a +0 spear
             ... led by a gnoll bouda
              (8 damage)
             ... on level 5 of the Dungeon.
             The game lasted 00:10:16 (3505 turns).

bmack86 the Trooper (Minotaur Fighter)              Turns: 3505, Time: 00:10:16

Health: 0/66       AC:  7    Str: 23    XL:     7   Next: 92%
Magic:  16/16      EV:  9    Int:  5    God:    Okawaru [**....]
Gold:   189        SH:  0    Dex:  9    Spells: 6/6 levels left

rFire   . . .      SeeInvis .    a - +1 war axe
rCold   . . .      Faith    .    c - +0 buckler
rNeg    . . .      Spirit   .    b - +0 scale mail
rPois   .          Reflect  .    (helmet restricted)
rElec   .          Harm     .    (no cloak)
rCorr   .          Rampage  .    (no gloves)
Will    .....                    (no boots) Stlth
                                 (no amulet)
HPRegen 0.31/turn                m - ring of magical power
MPRegen 0.15/turn                (no ring)

@: confused, ambrosia-drunk, weakened
A: horns 2, retaliatory headbutt
a: Renounce Religion, Heroism


You were on level 5 of the Dungeon.
You worshipped Okawaru.
Okawaru was pleased with you.
You visited 2 branches of the dungeon, and saw 6 of its levels.

You collected 189 gold pieces.

Inventory:

Hand Weapons
 a - a +1 war axe (weapon)
Missiles
 v - 2 poisoned darts (quivered)
Armour
 b - a +0 scale mail (worn)
 c - a +0 buckler (worn)
 k - a +0 pair of boots
Jewellery
 m - a ring of magical power (left hand)
 t - a ring of wizardry
Wands
 r - a wand of flame (18)
 u - a wand of polymorph (10)
Scrolls
 f - 2 scrolls of fog
 h - 4 scrolls of teleportation
 p - 2 scrolls of enchant weapon
Potions
 d - a potion of might
 i - 4 potions of brilliance
 n - 2 potions of attraction
 q - a potion of flight
 s - a potion of magic
 w - a potion of degeneration {unknown}


   Skills:
 * Level 7.0 Fighting
 * Level 6.2 Axes
 + Level 2.1 Throwing
 + Level 5.4 Armour
 + Level 5.3 Shields
 + Level 2.0 Invocations


You had 6 spell levels left.
You didn't know any spells.
Your spell library contained the following spells:

 Spells                   Type           Power      Damage    Failure   Level
 Cigotuvi's Dreadful Rot  Necr/Pois/Air  0%         N/A       94%         2
 Inner Flame              Hex/Fire       0%         N/A       99%         3
 Dispel Undead            Necr           0%         3d6       100%        4
 Flame Wave               Conj/Fire      0%         2d4       100%        4
 Sticky Flame             Conj/Fire      0%         2d3       100%        4
 Death Channel            Necr           Unusable   N/A       N/A         6

Dungeon Overview and Level Annotations

Branches:
Dungeon (5/15)             Temple (1/1) D:4

Altars:
Ashenzari
Cheibriados
Hepliaklqana
Kikubaaqudgha
Makhleb
Nemelex Xobeh
Okawaru
Ru
Uskayaw
Vehumet
Wu Jian
Zin
The Shining One

Shops:
D:2 ?


Innate Abilities, Weirdness & Mutations

You have a pair of horns on your head.
You reflexively headbutt those who attack you in melee.


Message History

You see here an adder corpse.
The gnoll attacks as you move away! The gnoll hits you with a +0 whip.
The gnoll misses you.
The gnoll bouda gazes fiercely through you!
You feel your attacks grow feeble.
The gnoll bouda hits you with a +0 club.
The gnoll barely misses you. The gnoll hits you with a +0 whip.
You see here an adder corpse.
You completely miss the gnoll. Your headbutt misses the gnoll.
The gnoll is heavily wounded.
You closely miss the gnoll bouda. You slash the gnoll!
The gnoll closely misses you. The gnoll bouda barely misses you.
The gnoll hits you from afar with a +0 spear.
The gnoll barely misses you. The gnoll hits you with a +0 whip.
The gnoll hits you with a +0 flail.
You hit the gnoll.
You kill the gnoll!
Okawaru accepts your kill.
You hit the gnoll bouda. You hit the gnoll but do no damage.
The gnoll is no longer moving quickly.
The gnoll bouda hits you with a +0 club.
The gnoll closely misses you. The gnoll barely misses you.
The gnoll hits you but does no damage.
The gnoll bouda hits you with a +0 club.
The gnoll hits you from afar with a +0 spear.
The gnoll hits you from afar with a +0 halberd!
* * * LOW HITPOINT WARNING * * *
You see here a +0 flail.
The gnoll is no longer moving quickly.
You hit the gnoll.
You kill the gnoll!
Okawaru accepts your kill.
You closely miss the gnoll bouda. The gnoll barely misses you.
The gnoll hits you from afar with a +0 halberd!
* * * LOW HITPOINT WARNING * * *
Your Fighting skill increases to level 7!
You are confused.
You feel invigorated.
The gnoll hits you from afar with a +0 spear!
You die...

......# ### .......##
###(. ........## ###....
.........# ###.....#
.........## ###.....###
..........## ###....####
..........g## ###......##
..........g†###.........#
..........#g@....##.....#
..........##...####.....#
.......<.###..## ##....#
.........# #..# ###..#
#.......## #..# ####
##.....## ##.# #....# #.#
#.# #.#


You could see a gnoll bouda and 2 gnolls.

Vanquished Creatures
  Pikel (D:4)
  Sigmund (D:2)
  A black bear (D:4)
  A phantom (D:4)
  2 orc wizards (D:4)
  2 gnolls (D:5)
  7 adders
  2 worms
  2 dart slugs
  6 orcs
  8 endoplasms
  A giant cockroach (D:3)
  4 goblins
  8 hobgoblins
  9 kobolds
  5 quokkas
  14 ball pythons
  3 bats
  2 frilled lizards
  5 rats
84 creatures vanquished.

Notes
Turn   | Place    | Note
-------+----------+-------------------------------------------
     0 | D:1      | bmack86 the Minotaur Fighter began the quest for the Orb.
     0 | D:1      | Reached XP level 1. HP: 19/19 MP: 0/0
    81 | D:1      | Reached XP level 2. HP: 15/27 MP: 1/1
   185 | D:1      | Reached skill level 4 in Fighting
   674 | D:2      | Reached XP level 3. HP: 33/33 MP: 2/2
   781 | D:2      | Found Vacrig's Magic Scroll Emporium.
  1298 | D:2      | Noticed Sigmund
  1309 | D:2      | Killed Sigmund
  1310 | D:2      | Reached skill level 5 in Fighting
  1310 | D:2      | Reached XP level 4. HP: 32/42 MP: 3/3
  1310 | D:2      | Reached XP level 5. HP: 36/48 MP: 4/4
  1382 | D:2      | Found a faded altar of an unknown god.
  1723 | D:3      | Found an ancient bone altar of Kikubaaqudgha.
  1976 | D:3      | Found a sacrificial altar of Ru.
  2290 | D:4      | Found an iron altar of Okawaru.
  2304 | D:4      | Became a worshipper of Warmaster Okawaru
  2533 | D:4      | Reached XP level 6. HP: 56/56 MP: 5/5
  2575 | D:4      | Reached skill level 5 in Axes
  2600 | D:4      | Reached * piety under Okawaru
  2601 | D:4      | Reached skill level 6 in Fighting
  2601 | D:4      | Reached skill level 1 in Throwing
  2601 | D:4      | Reached skill level 1 in Invocations
  2605 | D:4      | Found a staircase to the Ecumenical Temple.
  2837 | D:4      | Noticed Pikel
  2851 | D:4      | Killed Pikel
  2851 | D:4      | Reached ** piety under Okawaru
  2852 | D:4      | Reached skill level 5 in Armour
  2852 | D:4      | Reached skill level 5 in Shields
  2852 | D:4      | Reached XP level 7. HP: 22/64 MP: 5/7
  2865 | Temple   | Entered the Ecumenical Temple
  3456 | D:5      | Entered Level 5 of the Dungeon
  3504 | D:5      | HP: 2/64 [gnoll/+0 halberd[a gnoll bouda] (9)]
  3505 | D:5      | Reached skill level 7 in Fighting
  3505 | D:5      | Slain by a gnoll

Illustrated notes

Levels and vault maps discovered:
D:1:      minmay_arrival_stair_chambers, layout_basic
D:2:      layout_loops_ring, serial_shops,
          nicolae_shop_competitors_out_of_business, basic_ecumenical_altar,
          minmay_snake_closets, uniq_sigmund
D:3:      layout_loops_ring, nicolae_ru_the_path_less_chosen,
          nicolae_kikubaaqudgha_miasma_corner
D:4:      layout_basic, okawaru_gym_becter, minmay_temple_entry_junction,
          kennysheep_small_circle, uniq_pikel
D:5:      layout_cave_pods, lemuel_doored_altar, lightli_temple_of_fire,
          chequers_serial_rivers_room_b, minmay_misc_feat_diagonals,
          chequers_serial_rivers_marsh
Temple:   hellmonk_temple_rainy

Skill      XL: |  1  2  3  4  5  6  7 |
---------------+----------------------+-----
Fighting       | 4 5 6 7 |  7.0
Axes           | 3 4 6 |  6.2
Shields        | 4 5 |  5.3
Armour         | 4 5 |  5.4
Throwing       | 2 |  2.1
Invocations    | 2 |  2.0

Action                   |  1- 3 |  4- 6 |  7- 9 || total
-------------------------+-------+-------+-------++-------
Melee: War axe           |    82 |    86 |    11 ||   179
       Headbutt          |    10 |    18 |     1 ||    29
  Use: Scroll            |     2 |     5 |     7 ||    14
       Potion            |       |     4 |     1 ||     5
Armor: Scale mail        |    49 |    39 |    14 ||   102
Dodge: Dodged            |    46 |    35 |    17 ||    98
Block: Buckler           |    20 |    23 |     4 ||    47

Table legend: (Time is in decaauts)
 A = Elapsed time spent in this place.
 B = Non-inter-level travel time spent in this place.
 C = Inter-level travel time spent in this place.
 D = Time resting spent in this place.
 E = Time spent auto-exploring this place.
 F = Levels seen in this place.
 G = Mean time per level.
                   A        B        C        D        E       F      G
               +--------+--------+--------+--------+--------+-----+--------+
         Total |   3562 |   3381 |    181 |    159 |   1960 |   6 |  593.7 |
       Dungeon |   3409 |   3228 |    181 |    159 |   1826 |   5 |  681.8 |
        Temple |    152 |    152 |      0 |      0 |    134 |   1 |  152.0 |
               +--------+--------+--------+--------+--------+-----+--------+

Top non-repeatable levels by time:
     D:4: 1179 daAuts
     D:2: 846 daAuts
     D:1: 683 daAuts
     D:3: 649 daAuts
  Temple: 152 daAuts
     D:5: 50 daAuts
